 Dungeon Crawl Stone Soup version 0.28-a0-1555-g9ae15a6949 (webtiles) character file.

Game seed: 9712080292077286536

8981 mordus the Grappler (level 11, 0/101 HPs)
             Began as a Troll Berserker on Jan 19, 2022.
             Was an Elder of Trog.
             Slain by Snorg (7 damage)
             ... on level 11 of the Dungeon.
             The game lasted 00:12:32 (6289 turns).

mordus the Grappler (Troll Berserker)               Turns: 6289, Time: 00:12:34

Health: 0/101      AC:  9    Str: 29    XL:     11   Next: 17%
Magic:  10/10      EV: 14    Int:  5    God:    Trog [****..]
Gold:   569        SH:  0    Dex:  9    Spells: 10/10 levels left

rFire   . . .      SeeInvis .     - Unarmed
rCold   . . .      Faith    .   (no shield)
rNeg    . . .      Spirit   .   x - +0 steam dragon scales
rPois   .          Reflect  .   (helmet restricted)
rElec   .          Harm     .   w - +0 cloak
rCorr   .          Rampage  .   (gloves unavailable)
Will    ++...                   (boots unavailable)
Stlth   +.........              (no amulet)
HPRegen 2.06/turn               f - +4 ring of evasion
MPRegen 0.12/turn               (no ring)

@: marked, strong-willed (expiring), on berserk cooldown, regenerating
(expiring), slowed, very slow
A: large, unfitting armour, claws 3, regeneration 1, shaggy fur 1, tough skin 1
a: Renounce Religion, Berserk, Trog's Hand, Brothers in Arms


You were on level 11 of the Dungeon.
You worshipped Trog.
Trog was greatly pleased with you.
You visited 2 branches of the dungeon, and saw 10 of its levels.

You collected 569 gold pieces.

Inventory:

Missiles
 n - 7 throwing nets (quivered)
Armour
 a - a +0 animal skin
 w - a +0 cloak (worn)
 x - +0 steam dragon scales (worn)
Jewellery
 f - a +4 ring of evasion (left claw)
 l - a ring of poison resistance
 y - a ring of positive energy
Wands
 i - a wand of flame (9)
 q - a wand of polymorph (12)
 s - a wand of paralysis (14)
 t - a wand of iceblast (16)
 F - a wand of charming (3)
 G - a wand of acid (7)
Scrolls
 b - 3 scrolls of teleportation {unknown}
 d - 2 scrolls of amnesia {unknown}
 e - a scroll of fog {unknown}
 g - 2 scrolls of fear {unknown}
 h - 6 scrolls of identify {unknown}
 k - a scroll of blinking {unknown}
 m - 3 scrolls of vulnerability {unknown}
 p - a scroll of acquirement {unknown}
 u - a scroll of summoning {unknown}
 B - 2 scrolls of enchant armour {unknown}
 E - a scroll of immolation {unknown}
Potions
 c - 3 potions of curing {unknown}
 j - a potion of berserk rage {unknown}
 o - a potion of cancellation {unknown}
 r - a potion of degeneration {unknown}
 v - a potion of lignification {unknown}
 z - a potion of brilliance {unknown}
 A - a potion of heal wounds {unknown}
 C - 2 potions of mutation {unknown}
 D - a potion of magic {unknown}


   Skills:
 + Level 4.7 Fighting
 - Level 6.9 Armour
 + Level 4.7 Dodging
 * Level 13.9 Unarmed Combat


You had 10 spell levels left.
You didn't know any spells.
Your spell library was empty.

Dungeon Overview and Level Annotations

Branches:
Dungeon (11/15)            Temple (1/1) D:6            Lair (0/6) D:8
    Orc (0/2) D:10

Altars:
Ashenzari
Cheibriados
Dithmenos
Elyvilon
Fedhas
Gozag
Hepliaklqana
Kikubaaqudgha
Makhleb
Nemelex Xobeh
Okawaru
Qazlal
Ru
Sif Muna
Trog
Uskayaw
Vehumet
Wu Jian
Xom
Yredelemnul
Zin
The Shining One

Shops:
D:7 ?=   D:8 =

Annotations:
D:11 Snorg


Innate Abilities, Weirdness & Mutations

You are too large for most types of armour.
You have claws for hands.
Your natural rate of healing is unusually fast.
You are covered in fur. (AC +1)
You have tough skin. (AC +1)


Message History

The troll is severely wounded.
You closely miss the troll.
The troll is severely wounded.
The troll bites you but does no damage. The troll barely misses you.
The troll claws you but does no damage.
The centaur unwields a +0 shortbow.
The centaur hits you but does no damage.
The centaur closely misses you.
You mangle the troll!!
You kill the troll!
Trog accepts your kill.
You mangle the centaur!!
You feel the power of Trog in you as your rage grows.
You kill the centaur!
Trog accepts your kill.
Things that are here:
a +0 shortbow; 22 arrows; a +0 barding You feel a strong urge to attack something.
G - a wand of acid (7);
C - 2 black potions (gained 1)
Items here: ( ) [ †.
Okay, then.
You feel your anger nearly subside.
You are no longer berserk.
You are exhausted.
You feel yourself slow down.
Snorg the Insatiable comes into view.
Snorg goes berserk!
Snorg bites you! Snorg claws you. Snorg claws you!
You mangle Snorg!!
Snorg is lightly wounded.
Snorg bites you!! Snorg closely misses you. Snorg misses you. Snorg bites you.
* * * LOW HITPOINT WARNING * * *
Snorg claws you!
* * * LOW HITPOINT WARNING * * *
Snorg claws you but does no damage.
You feel the effects of Trog's Hand fading.
Snorg bites you.
* * * LOW HITPOINT WARNING * * *
Snorg claws you!
* * * LOW HITPOINT WARNING * * *
Snorg claws you!
You die...

......[......####
#########..........
........###'#########
#..........)).........
#.....................
......................
......................
......................
...........)@.........
###+######...T........
#....<.......
#............
#######'##### ... ...
... ...


You could see Snorg (berserk).

Vanquished Creatures
  A centaur warrior (D:9)
  4 two-headed ogres
  Urug (D:11)
  An unseen horror (D:11)
  A hornet (D:9)
  2 trolls
  A wyvern (D:8)
  4 yaks (D:10)
  5 humans
  A steam dragon (D:8)
  An acid dragon (D:10)
  3 orc warriors
  An ice beast (D:6)
  A hornet zombie (D:8)
  A sky beast (D:7)
  4 centaurs
  A kobold brigand (D:9)
  2 bullfrogs
  3 gnoll sergeants (D:7)
  A water moccasin skeleton (D:7)
  A wyvern skeleton (D:6)
  3 killer bees (D:9)
  2 electric eels (D:7)
  A howler monkey (D:8)
  7 hounds (D:7)
  7 centaur zombies
  2 gnoll shamans (D:7)
  3 orc priests
  Crazy Yiuf (D:7)
  An iguana (D:7)
  2 orc wizards
  5 adders
  25 gnolls
  A shadow imp (D:6)
  An ufetubus (D:6)
  2 dart slugs
  17 orcs
  3 bats
  6 endoplasms
  2 giant cockroaches
  5 goblins
  8 hobgoblins
  5 jackals
  A quokka (D:2)
  3 ball pythons
  3 frilled lizards
  7 kobolds
  2 rats
165 creatures vanquished.

Notes
Turn   | Place    | Note
-------+----------+-------------------------------------------
     0 | D:1      | mordus the Troll Berserker began the quest for the Orb.
     0 | D:1      | Reached XP level 1. HP: 22/22 MP: 0/0
   132 | D:1      | Reached XP level 2. HP: 29/29 MP: 1/1
   711 | D:2      | Reached skill level 1 in Armour
   711 | D:2      | Reached XP level 3. HP: 36/36 MP: 2/2
   717 | D:2      | Reached skill level 4 in Unarmed Combat
   803 | D:2      | Reached ** piety under Trog
   844 | D:2      | Reached XP level 4. HP: 39/44 MP: 3/3
  1594 | D:3      | You fall into a shaft and drop 3 floors!
  1877 | D:6      | Reached skill level 5 in Unarmed Combat
  1877 | D:6      | Reached XP level 5. HP: 41/50 MP: 4/4
  1974 | D:6      | Noticed an ice beast
  1986 | D:6      | Killed an ice beast
  1987 | D:6      | Reached XP level 6. HP: 58/59 MP: 5/5
  2002 | D:6      | Found a staircase to the Ecumenical Temple.
  2024 | Temple   | Entered the Ecumenical Temple
  2291 | D:7      | Reached skill level 6 in Unarmed Combat
  2305 | D:7      | Reached *** piety under Trog
  2416 | D:7      | Reached XP level 7. HP: 50/66 MP: 6/6
  2457 | D:7      | Reached skill level 7 in Unarmed Combat
  2577 | D:7      | Reached skill level 8 in Unarmed Combat
  2645 | D:7      | Noticed a human
  2645 | D:7      | Noticed a human
  2645 | D:7      | Noticed a human
  2646 | D:7      | Noticed a human
  2669 | D:6      | Killed a human
  2670 | D:6      | Reached XP level 8. HP: 69/74 MP: 7/7
  2715 | D:7      | Reached skill level 9 in Unarmed Combat
  2763 | D:7      | Reached skill level 5 in Armour
  2913 | D:7      | Reached **** piety under Trog
  2932 | D:7      | Reached skill level 10 in Unarmed Combat
  3016 | D:7      | Found Keicufum's Magic Scroll Emporium.
  3061 | D:7      | Reached XP level 9. HP: 80/80 MP: 8/8
  3061 | D:7      | Found Doleekh's Jewellery Boutique.
  3300 | D:7      | Found a runed translucent door.
  3301 | D:7      | Noticed Crazy Yiuf
  3308 | D:7      | Killed Crazy Yiuf
  3464 | D:8      | Found Cautam's Jewellery Boutique.
  3713 | D:8      | Reached skill level 11 in Unarmed Combat
  3737 | D:8      | Found a staircase to the Lair.
  4012 | D:9      | Noticed a two-headed ogre
  4026 | D:9      | HP: 3/80 [two-headed ogre (28)]
  4031 | D:9      | HP: 2/80 [two-headed ogre (5)]
  4100 | D:8      | Killed a two-headed ogre
  4295 | D:9      | Noticed a centaur warrior
  4306 | D:9      | Killed a centaur warrior
  4307 | D:9      | Reached skill level 12 in Unarmed Combat
  4307 | D:9      | Reached XP level 10. HP: 57/88 MP: 9/9
  4568 | D:9      | Noticed a two-headed ogre
  4577 | D:9      | Killed a two-headed ogre
  4695 | D:9      | Paralysed by a hornet for 1 turns
  5138 | D:10     | Entered Level 10 of the Dungeon
  5246 | D:10     | Reached skill level 13 in Unarmed Combat
  5277 | D:10     | Noticed a two-headed ogre
  5285 | D:10     | Killed a two-headed ogre
  5505 | D:10     | Found a staircase to the Orcish Mines.
  5779 | D:10     | Found a shadowy altar of Dithmenos.
  6141 | D:11     | Noticed a two-headed ogre
  6152 | D:11     | Killed a two-headed ogre
  6153 | D:11     | Reached XP level 11. HP: 11/101 MP: 10/10
  6263 | D:11     | Noticed Urug
  6273 | D:11     | Killed Urug
  6285 | D:11     | Noticed Snorg
  6289 | D:11     | Slain by Snorg

Illustrated notes

Levels and vault maps discovered:
D:1:      lightli_arrival_flooded_house, layout_loops_ring
D:2:      layout_basic
D:3:      layout_loops_cross, uniq_ijyb
D:6:      layout_basic, minmay_temple_entry_ruins, dk_noncrumbling_3
D:7:      layout_cave_pools, serial_gnoll_camp, gnoll_camp_mini_shop,
          gnoll_camp_mini_house, gnoll_camp_huts_moat, gnoll_camp_mini_house,
          gnoll_camp_mini_shop, minmay_ruffians, uniq_crazy_yiuf_cottage
D:8:      layout_loops_ring, lair_entry_dummy, serial_shops, shop
D:9:      layout_long_grid, roderic_serpentine_path, grunt_ministairs_15
D:10:     layout_gridville, nicolae_overflow_crystal_walls, david_orc_2,
          nicolae_elevator_lobby_plus
D:11:     layout_stronghold, nicolae_evil_shop, uniq_snorg, uniq_urug
Temple:   dpeg_three_leaves_temple

Skill      XL: |  1  2  3  4  5  6  7  8  9 10 |
---------------+-------------------------------+-----
Armour         | 1 2 3 4 5 6 |  6.9
Unarmed Combat | 4 5 6 8 10 12 13 | 13.9
Dodging        | 4 |  4.7
Fighting       | 4 |  4.7

Action                   |  1- 3 |  4- 6 |  7- 9 | 10-12 || total
-------------------------+-------+-------+-------+-------++-------
Melee: Unarmed           |    86 |   114 |   208 |   134 ||   542
       Punch             |       |     4 |     5 |     9 ||    18
Invok: Trog's Hand       |       |       |     1 |     2 ||     3
       Berserk           |       |       |       |     1 ||     1
 Stab: Sleeping          |       |     1 |       |       ||     1
Armor: Animal skin       |    30 |    31 |    24 |       ||    85
       Steam dragon scal |       |       |    15 |    39 ||    54
Dodge: Dodged            |    61 |    86 |   175 |    93 ||   415

Table legend: (Time is in decaauts)
 A = Elapsed time spent in this place.
 B = Non-inter-level travel time spent in this place.
 C = Inter-level travel time spent in this place.
 D = Time resting spent in this place.
 E = Time spent auto-exploring this place.
 F = Levels seen in this place.
 G = Mean time per level.
                   A        B        C        D        E       F      G
               +--------+--------+--------+--------+--------+-----+--------+
         Total |   6206 |   5914 |    292 |    384 |   4210 |  10 |  620.6 |
       Dungeon |   6132 |   5840 |    292 |    384 |   4164 |   9 |  681.3 |
        Temple |     73 |     73 |      0 |      0 |     46 |   1 |   73.0 |
               +--------+--------+--------+--------+--------+-----+--------+

Top non-repeatable levels by time:
     D:7: 1008 daAuts
     D:9: 987 daAuts
    D:10: 985 daAuts
     D:8: 753 daAuts
     D:2: 747 daAuts
     D:1: 728 daAuts
     D:6: 673 daAuts
    D:11: 139 daAuts
     D:3: 108 daAuts
  Temple: 73 daAuts
